 Dungeon Crawl Stone Soup version 0.30.1-11-g7821555f0a (webtiles) character file.

Game seed: 12976737852923627172

121 CrazyMind the Grave Robber (level 4, -3/30 HPs)
             Began as a Demonspawn Necromancer on Nov 6, 2023.
             Killed from afar by Grinder (13 damage)
             ... with a bolt of dispelling energy
             ... on level 3 of the Dungeon.
             The game lasted 00:12:46 (1925 turns).

CrazyMind the Grave Robber (Demonspawn Necromancer) Turns: 1925, Time: 00:12:46

Health: -3/30      AC:  4    Str:  9    XL:     4   Next: 76%
Magic:  9/9        EV: 12    Int: 18    God:
Gold:   249        SH:  0    Dex: 13    Spells: 1/9 levels left

rFire   . . .        j - +3 short sword of Xymeokhe {speed, Fly}
rCold   . . .        (no shield)
rNeg    . . .        a - +0 robe
rPois   .            (helmet restricted)
rElec   .            (no cloak)
rCorr   .            (no gloves)
SInv    .            (no boots)
Will    .....        n - amulet of magic regeneration
Stlth   ++           (no ring)
HPRegen 0.25/turn    (no ring)
MPRegen 0.51/turn

%: no passive effects
@: flying
A: antennae 1, yellow scales 1, demonic magic 1
a: no special abilities


You were on level 3 of the Dungeon.
You visited 1 branch of the dungeon, and saw 3 of its levels.

You collected 249 gold pieces.

Inventory:

Hand Weapons
 e - a +0 dagger
 j - the +3 short sword of Xymeokhe (weapon) {speed, Fly}
   (You found it on level 2 of the Dungeon)

   Fly:       It grants you flight.
 p - a +1 dagger of speed
Missiles
 o - 11 boomerangs (quivered)
Armour
 a - a +0 robe (worn)
 l - a +2 chain mail of poison resistance
 q - a +0 leather armour
Jewellery
 n - an amulet of magic regeneration (around neck)
Scrolls
 c - 2 scrolls of enchant weapon {unknown}
 d - a scroll of vulnerability {unknown}
 h - 2 scrolls of blinking {unknown}
 i - a scroll of teleportation {unknown}
 k - 3 scrolls of identify {unknown}
Potions
 b - a potion of magic
 f - 3 potions of attraction {unknown}
 g - 2 potions of heal wounds {unknown}
 m - 2 potions of curing {unknown}


   Skills:
 + Level 1.8 Dodging
 + Level 2.0 Stealth
 * Level 3.4 Spellcasting
 * Level 5.6 Necromancy


You had one spell level left.
You knew the following spells:

 Your Spells              Type           Power      Damage    Failure   Level
a - Necrotise             Necr           92%        1d8       1%          1
b - Vampiric Draining     Necr           23%        2d7       4%          3
c - Animate Dead          Necr           23%        N/A       16%         4

Your spell library contained the following spells:

 Spells                   Type           Power      Damage    Failure   Level
 Agony                    Necr           23%        N/A       38%         5
 Ozocubu's Armour         Ice            3%         N/A       43%         3
 Metabolic Englaciation   Hex/Ice        1%         N/A       99%         5
 Simulacrum               Ice/Necr       6%         N/A       100%        6


Dungeon Overview and Level Annotations

Branches:
Dungeon (3/15) Zot: 15956

Altars:
Cheibriados

Annotations:
D:3 2 runed translucent doors, Grinder; Gumption's ghost, amateur MiBe


Innate Abilities, Weirdness & Mutations

You have a pair of small antennae on your head.
You are partially covered in yellow scales. (AC +2)
Spells you cast may paralyse adjacent enemies.


Message History

Aiming: Necrotise (safe; 1% risk of failure)
Press: ? - help, Shift-Dir - straight line, f/p - dart slug
Aim: a dart slug (moderately wounded, chance to affect: 91%)
The dart slug writhes in agony!
You kill the dart slug!
Malevolent energies surge around you.
Grinder suddenly stops moving!
Your hobgoblin skeleton hits Grinder.
The helpless Grinder fails to defend herself.
You hit Grinder.
Grinder is moderately wounded.
Your hobgoblin skeleton hits Grinder.
Unknown command.
The helpless Grinder fails to defend herself.
You hit Grinder.
Grinder is moderately wounded.
Unknown command.
The helpless Grinder fails to defend herself.
You hit Grinder.
Grinder is heavily wounded.
Grinder is no longer paralysed.
Your hobgoblin skeleton closely misses Grinder.
You aren't carrying any items that you can evoke.
You hit Grinder but do no damage.
Grinder is heavily wounded.
Grinder zaps a wand.
The bolt of dispelling energy hits you.
Casting: Necrotise (safe; 1% risk of failure)
Confirm with . or Enter, or press ? or * to list all spells.
Okay, then.
Unknown command.
Unknown command.
You hit Grinder.
Grinder is heavily wounded.
Your hobgoblin skeleton hits Grinder.
Grinder zaps a wand.
The bolt of dispelling energy hits you!
You hit Grinder.
Grinder is severely wounded.
You hit Grinder.
Grinder is severely wounded.
Grinder zaps a wand.
The bolt of dispelling energy hits you!
You die...

#.####..####...)......
#.##....# ####.......
#.##.##.# #.......
#.......# #.......
####.#### .....##..
#.......# ......##.#
#.##.##.# #......##..
#.##.## # #.....###..
#.#Z5@# #.. #..._.#
##. #.......5...# ##
#.......###.# #
#####.##.. # ... ...
#.. ...# #.# #.# #..
.#


You could see Grinder (ally target) and a friendly hobgoblin skeleton.

Vanquished Creatures
  An orc priest (D:3)
  An orc wizard (D:3)
  A worm (D:3)
  A dart slug (D:3)
  6 orcs (D:3)
  3 endoplasms
  2 giant cockroaches (D:1)
  3 goblins (D:1)
  5 hobgoblins
  2 jackals (D:2)
  A quokka (D:3)
  8 ball pythons
  3 bats
  2 frilled lizards
  3 kobolds
  5 rats
47 creatures vanquished.

Vanquished Creatures (collateral kills)
  A dart slug (D:1)
  An orc (D:3)
  A ball python (D:1)
  A kobold (D:1)
4 creatures vanquished.

Vanquished Creatures (others)
  An endoplasm (D:3)
1 creature vanquished.

Grand Total: 52 creatures vanquished

Notes
Turn   | Place    | Note
-------+----------+-------------------------------------------
     0 | D:1      | CrazyMind the Demonspawn Necromancer began the quest for
                  | the Orb.
     0 | D:1      | Reached XP level 1. HP: 13/13 MP: 3/3
   177 | D:1      | Gained mutation: You are partially covered in yellow
                  | scales. (AC +2) [demonic ancestry]
   177 | D:1      | Reached XP level 2. HP: 19/19 MP: 3/5
   322 | D:1      | Reached skill level 5 in Necromancy
   322 | D:1      | Found a faded altar of an unknown god.
   632 | D:2      | Gained mutation: You have a pair of small antennae on your
                  | head. [demonic ancestry]
   632 | D:2      | Reached XP level 3. HP: 24/24 MP: 1/6
   636 | D:2      | Learned a level 3 spell: Vampiric Draining
   875 | D:2      | Identified the +3 short sword of Xymeokhe {speed, Fly}
  1411 | D:3      | Found a runed translucent door.
  1413 | D:3      | Noticed Gumption's ghost (amateur MiBe)
  1414 | D:3      | Noticed a bullfrog
  1446 | D:3      | Found a runed translucent door.
  1651 | D:3      | Gained mutation: Spells you cast may paralyse adjacent
                  | enemies. [demonic ancestry]
  1651 | D:3      | Reached XP level 4. HP: 30/30 MP: 4/8
  1664 | D:3      | Learned a level 4 spell: Animate Dead
  1889 | D:3      | Found a snail-covered altar of Cheibriados.
  1905 | D:3      | Noticed Grinder
  1925 | D:3      | Killed from afar by Grinder

Illustrated notes

Levels and vault maps discovered:
D:1:      dpeg_arrival_more_subterranean_lakeside_camping, layout_rooms,
          dreamdust_ecumenical_altar_statues, due_unseen_surprise
D:2:      layout_basic, serial_glass, glass_columns_b, glass_columns_b
D:3:      layout_loops_cross, cheibriados_altar_1, ebering_ghost_sewer_f,
          uniq_grinder

Skill      XL: |  1  2  3 |
---------------+----------+-----
Necromancy     | 5 |  5.6
Stealth        | 2 |  2.0
Spellcasting   | 3 |  3.4
Dodging        | |  1.8

Action                     |  1- 3 |  4- 6 || total
---------------------------+-------+-------++-------
  Melee: Dagger            |    10 |       ||    10
         Short sword       |     1 |    15 ||    16
  Throw: Boomerang         |       |     2 ||     2
   Cast: Necrotise         |    55 |    17 ||    72
   Stab: Sleeping          |     5 |     1 ||     6
         Paralysed         |       |     7 ||     7
 Armour: Robe              |     9 |       ||     9
  Dodge: Dodged            |    15 |     3 ||    18
